 Dungeon Crawl Stone Soup version 0.29-a0-284-gf9362112df (webtiles) character file.

Game seed: 16229777635276325345

4 n8rtot the Skirmisher (level 1, 0/18 HPs)
             Began as a Demonspawn Berserker on Mar 24, 2022.
             Was a Follower of Trog.
             Slain by a rat (1 damage)
             ... on level 1 of the Dungeon.
             The game lasted 00:00:50 (58 turns).

n8rtot the Skirmisher (Demonspawn Berserker)          Turns: 58, Time: 00:00:51

Health: 0/18       AC:  2    Str: 17    XL:     1   Next: 58%
Magic:  1/1        EV: 12    Int:  8    God:    Trog [*.....]
Gold:   0          SH:  0    Dex: 12    Spells: 0/0 levels left

rFire   . . .      SeeInvis .   c - +0 dagger (venom)
rCold   . . .      Faith    .   (no shield)
rNeg    . . .      Spirit   .   b - +0 animal skin
rPois   .          Reflect  .   (no helmet)
rElec   .          Harm     .   (no cloak)
rCorr   .          Rampage  .   (no gloves)
Will    .....                   (no boots)
Stlth   +.........              (no amulet)
HPRegen 0.06/turn               (no ring)
MPRegen 0.07/turn               (no ring)

@: no status effects
A: no striking features
a: Renounce Religion, Berserk


You were on level 1 of the Dungeon.
You worshipped Trog.
Trog was aware of your devotion.
You visited 1 branch of the dungeon, and saw 1 of its levels.

Inventory:

Hand Weapons
 a - a +0 short sword
 c - a +0 dagger of venom (weapon)
Armour
 b - a +0 animal skin (worn)


   Skills:
 + Level 3.1 Fighting
 + Level 2.8 Short Blades
 + Level 1.8 Armour
 + Level 1.8 Dodging


You couldn't memorise any spells.
You didn't know any spells.
Your spell library was empty.

Dungeon Overview and Level Annotations

Branches:
Dungeon (1/15)

Altars:


Message History

a +0 club; 5 stones The giant cockroach attacks as you move away!
The giant cockroach bites you.
* * * LOW HITPOINT WARNING * * *
The frilled lizard closely misses you. As you open the door, it creaks loudly!
The frilled lizard completely misses you.
The giant cockroach bites you but does no damage.
A rat comes into view.
The giant cockroach barely misses you. The bat hits you but does no damage.
There is an open door here.
You barely miss the bat. The bat hits you but does no damage.
The bat misses you. The frilled lizard barely misses you.
The giant cockroach closely misses you.
You barely miss the bat. The bat hits you but does no damage.
The giant cockroach barely misses you.
The frilled lizard bites you but does no damage.
Found a ring mail.
The bat hits you but does no damage. The bat hits you.
* * * LOW HITPOINT WARNING * * *
The giant cockroach waves its antennae.
The giant cockroach bites you.
* * * LOW HITPOINT WARNING * * *
The bat closely misses you. The bat attacks as you move away! The bat hits you.
* * * LOW HITPOINT WARNING * * *
The bat hits you but does no damage.
You hit the bat.
The bat is moderately wounded.
The bat barely misses you.
The giant cockroach waves its antennae.
The giant cockroach bites you.
* * * LOW HITPOINT WARNING * * *
The bat hits you but does no damage. The bat misses you.
Okay, then.
The frilled lizard attacks as you move away!
The frilled lizard bites you but does no damage.
The rat bites you.
You die...

#. #......... #.
#.........# ###.
##.........# #...
#.......... #.#.
+........# #.##
......=.######.#.
##.#####l.....+....)...
#.....@B......####.....
######.r....#)...'.....
..........'..###.....
...........##.# #...l.
............##.# #.....
............##.# #.....
######......##.# ###.#+
#.......... ..
#.........# .##


You could see a giant cockroach, a frilled lizard and a rat.

Vanquished Creatures
  2 endoplasms (D:1)
  2 kobolds (D:1)
4 creatures vanquished.

Notes
Turn   | Place    | Note
-------+----------+-------------------------------------------
     0 | D:1      | n8rtot the Demonspawn Berserker began the quest for the
                  | Orb.
     0 | D:1      | Reached XP level 1. HP: 18/18 MP: 1/1
    58 | D:1      | Slain by a rat

Illustrated notes

Levels and vault maps discovered:
D:1:      psy_arrival_conway, layout_basic, hellmonk_ecumenical_altar_run_dry,
          hangedman_abyss_or_decor_stabs

Action                   || total
-------------------------++-------
Melee: Dagger            ||    13
Armor: Animal skin       ||     9
Dodge: Dodged            ||    17

Table legend: (Time is in decaauts)
 A = Elapsed time spent in this place.
 B = Non-inter-level travel time spent in this place.
 C = Inter-level travel time spent in this place.
 D = Time resting spent in this place.
 E = Time spent auto-exploring this place.
 F = Levels seen in this place.
 G = Mean time per level.
                   A        B        C        D        E       F      G
               +--------+--------+--------+--------+--------+-----+--------+
         Total |     57 |     57 |      0 |      0 |     18 |   1 |   57.0 |
       Dungeon |     57 |     57 |      0 |      0 |     18 |   1 |   57.0 |
               +--------+--------+--------+--------+--------+-----+--------+

Top non-repeatable levels by time:
     D:1: 57 daAuts
